 Dungeon Sprint DCSS version 0.27.0-66-gdc8fb28755 (webtiles) character file.

Game seed: 13358462493455047656

6450 styxcanada the Imperceptible (level 10, -16/78 HPs)
             Began as a Spriggan Brigand on Aug 20, 2021.
             Was an Initiate of Gozag.
             Demolished by Agnes (37 damage)
             ... in the Dungeon (Sprint IV: "Fedhas' Mad Dash").
             The game lasted 00:12:54 (1330 turns).

styxcanada the Imperceptible (Spriggan Brigand)     Turns: 1330, Time: 00:12:54

Health: -16/78     AC:  8    Str:  7    XL:     10   Next: 67%
Magic:  10/13      EV: 28    Int: 14    God:    Gozag
Gold:   586        SH: 10    Dex: 19    Spells: 7/12 levels left

rFire    . . .     SeeInvis +   a - +4 dagger (freeze)
rCold    . . .     Faith    .   l - +2 buckler
rNeg     . . .     Spirit   .   s - +2 robe {Archmagi}
rPois    .         Reflect  .   p - +2 hat
rElec    .         Harm     .   c - +1 cloak
rCorr    .         Rampage  .   (gloves unavailable)
Will     +....     Archmagi +   (boots unavailable) Stlth ..........NoTele +
                                j - amulet of invisibility {+Inv}
HPRegen  0.23/turn              (no ring)
MPRegen  0.13/turn              (no ring)

@: berserking, gold aura, very slightly contaminated, studying Dodging,
invisible, very quick
A: very small, no large weapons, unfitting armour, see invisible, speed 3
a: Renounce Religion, Evoke Invisibility, Potion Petition, Call Merchant, Bribe
Branch


You were in the Dungeon.
You worshipped Gozag.
Gozag was pleased with you.
You visited 1 branch You collected 2306 gold pieces.
You spent 1720 gold pieces at shops.

Inventory:

Hand Weapons
 a - a +4 dagger of freezing (weapon)
 b - a +4 vorpal flail
Missiles
 d - 8 poisoned darts (quivered)
 e - 2 curare-tipped darts
 m - 15 sling bullets
Armour
 c - a +1 cloak (worn)
 l - a +2 buckler (worn)
 n - the +1 robe of Joabrat {rN+ Will+ Str-4}
   (You bought it in a shop in the Dungeon)

   Str:       It affects your strength (-4).
   rN:        It protects you from negative energy.
   Will:      It increases your willpower.
 o - a +0 robe
 p - a +2 hat (worn)
 s - a +2 robe of the Archmagi (worn)
Jewellery
 j - the amulet of invisibility (around neck) {+Inv}
   (You found it in the Dungeon)

   [amulet of nothing]

   +Inv:      It lets you turn invisible.
Scrolls
 k - 2 scrolls of blinking
 q - a scroll of identify
Potions
 f - a potion of curing
 h - a potion of haste
 i - 2 potions of magic


   Skills:
 + Level 5.6 Fighting
 + Level 6.3 Short Blades
 + Level 2.8 Maces & Flails
 + Level 3.5 Throwing
 * Level 13.8 Dodging
 * Level 24.9 Stealth
 * Level 5.5 Shields
 * Level 1.5 Spellcasting
 * Level 0.8 Conjurations
 * Level 1.2 Poison Magic
 * Level 12.7 Evocations


You had 7 spell levels left.
You knew the following spells:

 Your Spells              Type           Power      Damage    Failure   Level
a - Magic Dart            Conj           20%        1d4       21%         1
b - Olgreb's Toxic Radia  Pois           6%         N/A       86%         4

Your spell library contained the following spells:

 Spells                   Type           Power      Damage    Failure   Level
 Ozocubu's Armour         Ice            1%         N/A       63%         3
 Blade Hands              Tmut           0%         N/A       100%        5
 Irradiate                Conj/Tmut      1%         3d14      100%        5
 Dragon Form              Tmut           0%         N/A       100%        7
 Ozocubu's Refrigeration  Ice            0%         4d5       100%        7
 Lehudib's Crystal Spear  Conj/Erth      1%         10d2      100%        8


Dungeon Overview and Level Annotations

Branches:
Dungeon (1/1)

Altars:
Cheibriados
Dithmenos
Elyvilon
Gozag
Hepliaklqana
Kikubaaqudgha
Makhleb
Nemelex Xobeh
Okawaru
Qazlal
Ru
Sif Muna
Trog
Uskayaw
Vehumet
Wu Jian
Xom
Yredelemnul
Zin
The Shining One
Beogh
Jiyva
Lugonu

Shops:
D ([[*?**[

Annotations:
D Agnes


Innate Abilities, Weirdness & Mutations

You are very small and have problems with some larger weapons.
You are too small for most types of armour.
You have supernaturally acute eyesight. (SInv)
You cover ground extremely quickly. (Speed+++)


Message History

Agnes misses you.
The helpless spriggan berserker fails to defend itself.
You spit the spriggan berserker like a pig!!!!!
You freeze the spriggan berserker!
You kill the spriggan berserker!
Agnes is distracted by your dazzling golden aura.
Your Spellcasting skill increases to level 1!
Your Poison Magic skill increases to level 1!
Agnes shouts!
You hit Agnes. You freeze Agnes.
Agnes is no longer distracted by gold.
Agnes is lightly wounded.
Agnes completely misses you.
You hit Agnes but do no damage.
Agnes is lightly wounded.
Agnes closely misses you.
You barely miss Agnes.
Agnes is lightly wounded.
Agnes hits you with a +0 lajatang. Agnes hits you with a +0 lajatang!!
* * * LOW HITPOINT WARNING * * *
You feel much better. Agnes misses you. Agnes hits you with a +0 lajatang.
A red film seems to cover your vision as you go berserk!
You feel yourself moving faster!
You feel mighty! Agnes closely misses you. Agnes completely misses you.
You puncture Agnes! You freeze Agnes.
Agnes is moderately wounded.
You completely miss Agnes.
Agnes is moderately wounded.
Agnes misses you.
You puncture Agnes! You freeze Agnes.
Agnes is moderately wounded.
Agnes misses you.
You hit Agnes. You freeze Agnes.
Agnes is moderately wounded.
Agnes hits you with a +0 lajatang!
* * * LOW HITPOINT WARNING * * *
You barely miss Agnes.
Agnes is moderately wounded.
Agnes hits you with a +0 lajatang!!!
You die...
Your body crumbles into a pile of gold.

...#._._._._._.⌠.################
...###################......###..
####♣♣♣♣♣..♣.###.'..'.....()'.'..
.)'......♣..♣##..#..#.P.....#####
..#♣..♣♣♣.♣).###.##'##.P....#
..#.♣♣..♣...♣'...#♣.♣########
#### #############.....####
###..♣..♣....# ####.$@♣......♣..
........i♣.....∩.∩
..################


$$$$ $$$$$ You could see Agnes.

Vanquished Creatures
  A spriggan berserker (D)
  A spriggan druid (D)
  6 oklob plants (D)
  A demonic crawler (D)
  A queen bee (D)
  3 burning bushes (D)
  3 wandering mushrooms (D)
  A hornet (D)
  3 scorpions (D)
  4 killer bees (D)
  5 oklob saplings (D)
  5 spriggans (D)
  A river rat (D)
  A rat (D)
  A ballistomycete spore (D)
37 creatures vanquished.

Notes
Turn   | Place    | Note
-------+----------+-------------------------------------------
     0 | D        | styxcanada the Spriggan Brigand began the quest for the
                  | Orb.
     0 | D        | Reached XP level 1. HP: 10/10 MP: 2/2
     9 | D        | Reached skill level 7 in Stealth
     9 | D        | Reached XP level 2. HP: 15/15 MP: 3/3
    11 | D        | Reached skill level 8 in Stealth
    18 | D        | Noticed an oklob sapling
    21 | D        | Killed an oklob sapling
    22 | D        | Reached skill level 9 in Stealth
    22 | D        | Reached XP level 3. HP: 18/18 MP: 4/4
    55 | D        | Found the amulet of invisibility {+Inv}
    55 | D        | Noticed a scorpion
    57 | D        | Killed a scorpion
    58 | D        | Reached skill level 12 in Stealth
    58 | D        | Reached XP level 4. HP: 23/23 MP: 5/5
    84 | D        | Found an opulent altar of Gozag.
    84 | D        | Found a hazy altar of Hepliaklqana.
    84 | D        | Found a burning altar of Makhleb.
    84 | D        | Found a sparkling altar of Nemelex Xobeh.
    84 | D        | Found a snail-covered altar of Cheibriados.
    84 | D        | Found a sacrificial altar of Ru.
    84 | D        | Found a shimmering blue altar of Sif Muna.
    84 | D        | Found a shimmering altar of Xom.
    84 | D        | Found a basalt altar of Yredelemnul.
    85 | D        | Found a viscous altar of Jiyva.
    85 | D        | Found a bloodstained altar of Trog.
    85 | D        | Found an ornate altar of the Wu Jian Council.
    86 | D        | Found an iron altar of Okawaru.
    86 | D        | Found a shadowy altar of Dithmenos.
    86 | D        | Found a glowing silver altar of Zin.
    87 | D        | Found an ancient bone altar of Kikubaaqudgha.
    87 | D        | Found a hide-covered altar of Uskayaw.
    88 | D        | Found a stormy altar of Qazlal.
    88 | D        | Found a white marble altar of Elyvilon.
    88 | D        | Found a glowing golden altar of the Shining One.
    89 | D        | Became a worshipper of Gozag Ym Sagoz the Greedy
    90 | D        | Found a corrupted altar of Lugonu.
    90 | D        | Found a radiant altar of Vehumet.
    94 | D        | Reached skill level 13 in Stealth
    94 | D        | Reached XP level 5. HP: 28/28 MP: 3/6
   149 | D        | Reached skill level 5 in Dodging
   149 | D        | Reached skill level 14 in Stealth
   149 | D        | Reached skill level 1 in Evocations
   155 | D        | Reached skill level 15 in Stealth
   157 | D        | Reached XP level 6. HP: 32/32 MP: 5/7
   189 | D        | Found Wowk's Armour Shop.
   190 | D        | Found Ureaschab's Weapon Emporium.
   196 | D        | Bought a +2 hat for 208 gold pieces
   217 | D        | Noticed a burning bush
   217 | D        | Noticed a wandering mushroom
   218 | D        | Noticed a wandering mushroom
   221 | D        | Killed a burning bush
   222 | D        | Reached skill level 17 in Stealth
   222 | D        | Reached skill level 1 in Shields
   222 | D        | Killed a wandering mushroom
   223 | D        | Reached skill level 18 in Stealth
   223 | D        | Reached skill level 5 in Evocations
   223 | D        | Reached XP level 7. HP: 38/38 MP: 5/8
   223 | D        | Killed a wandering mushroom
   224 | D        | Reached skill level 19 in Stealth
   238 | D        | Found Ydac Ryi's General Store.
   238 | D        | Found Vaxipuorgh's Magic Scroll Shoppe.
   284 | D        | Reached skill level 5 in Short Blades
   290 | D        | Noticed a queen bee
   297 | D        | Killed a queen bee
   298 | D        | Reached XP level 8. HP: 42/42 MP: 7/9
   300 | D        | Reached skill level 20 in Stealth
   364 | D        | Bought a scroll of acquirement for 572 gold pieces
   364 | D        | Bought a scroll of identify for 22 gold pieces
   365 | D        | Acquired a manual of Dodging
   413 | D        | Noticed an oklob plant
   416 | D        | Killed an oklob plant
   417 | D        | Reached skill level 5 in Fighting
   417 | D        | Reached skill level 21 in Stealth
   431 | D        | Noticed a burning bush
   642 | D        | Killed a burning bush
   643 | D        | Reached XP level 9. HP: 27/47 MP: 10/10
   782 | D        | Noticed a burning bush
   782 | D        | Noticed an oklob plant
   783 | D        | Noticed a wandering mushroom
   784 | D        | Killed a burning bush
   785 | D        | Reached skill level 10 in Dodging
   789 | D        | Killed an oklob plant
   790 | D        | Reached skill level 1 in Maces & Flails
   790 | D        | Reached skill level 22 in Stealth
   796 | D        | Killed a wandering mushroom
   853 | D        | Noticed a spriggan druid
   855 | D        | Killed a spriggan druid
   856 | D        | Reached skill level 23 in Stealth
   856 | D        | Reached skill level 10 in Evocations
   922 | D        | Bought a +2 buckler for 214 gold pieces
   954 | D        | Bought a scroll of brand weapon for 200 gold pieces
   954 | D        | Bought a scroll of identify for 20 gold pieces
   954 | D        | Bought a scroll of identify for 20 gold pieces
   957 | D        | Bought a scroll of enchant weapon for 82 gold pieces
   957 | D        | Bought a scroll of enchant weapon for 82 gold pieces
  1022 | D        | Noticed an oklob plant conjurer
  1023 | D        | Killed an oklob plant conjurer
  1085 | D        | Noticed an oklob plant
  1085 | D        | Noticed an oklob plant summoner
  1086 | D        | Noticed an oklob plant shifter
  1092 | D        | Killed an oklob plant
  1093 | D        | Reached XP level 10. HP: 51/51 MP: 8/11
  1094 | D        | Killed an oklob plant summoner
  1097 | D        | Killed an oklob plant shifter
  1098 | D        | Reached skill level 24 in Stealth
  1199 | D        | Reached skill level 5 in Shields
  1202 | D        | Noticed a spriggan rider
  1203 | D        | Found Leeleubb's General Store.
  1207 | D        | Found Naqa's Antique Armour Shoppe.
  1211 | D        | Killed a spriggan rider
  1217 | D        | Bought a fabulously ornate robe for 182 gold pieces
  1217 | D        | Identified the +1 robe of Joabrat {rN+ Will+ Str-4} (You
                  | bought it in a shop in the Dungeon)
  1217 | D        | Bought an embroidered robe for 118 gold pieces
  1244 | D        | Got the Collected Works on Poisonous Conjuration
  1247 | D        | Learned a level 1 spell: Magic Dart
  1289 | D        | Learned a level 4 spell: Olgreb's Toxic Radiance
  1310 | D        | Noticed Agnes
  1312 | D        | Found Beves's Armour Emporium.
  1312 | D        | Noticed a spriggan berserker
  1314 | D        | Found Paerotac's General Store.
  1320 | D        | Killed a spriggan berserker
  1321 | D        | Reached skill level 1 in Spellcasting
  1321 | D        | Reached skill level 1 in Poison Magic
  1330 | D        | Demolished by Agnes

Illustrated notes

Levels and vault maps discovered:
D:        dungeon_sprint_fedhas [sprint_temple]

Skill      XL: |  1  2  3  4  5  6  7  8  9 10 |
---------------+-------------------------------+-----
Dodging        | 2 3 4 5 7 8 9 12 13 | 13.8
Stealth        | 7 9 12 13 15 18 19 21 23 24 | 24.9
Fighting       | 2 3 4 5 |  5.6
Short Blades   | 3 4 5 6 |  6.3
Throwing       | 3 |  3.5
Evocations     | 2 5 6 8 11 12 | 12.7
Shields        | 2 3 4 5 |  5.5
Maces & Flails | 2 |  2.8
Spellcasting   | 1 |  1.5
Poison Magic   | 1 |  1.2
Conjurations   | |  0.8

Action                   |  1- 3 |  4- 6 |  7- 9 | 10-12 || total
-------------------------+-------+-------+-------+-------++-------
Melee: Dagger            |     5 |     7 |    43 |    29 ||    84
       Flail             |       |       |    12 |       ||    12
 Abil: Evoke Invisibilit |       |     3 |     6 |     2 ||    11
  Use: Potion            |     1 |       |     2 |     3 ||     6
       Scroll            |       |       |     8 |       ||     8
 Stab: Sleeping          |     2 |     7 |    15 |     6 ||    30
       Invisible         |       |       |     2 |       ||     2
Armor: Robe              |       |       |     1 |     5 ||     6
Dodge: Dodged            |     1 |       |     7 |    29 ||    37
Block: Buckler           |       |       |     3 |    14 ||    17
